[Event "*** SCC Grand Prix: Titled Tuesday Blitz"]
[Site "Chess.com"]
[Date "2020.08.11"]
[Round "5"]
[White "Volodar_Murzin"]
[Black "IriBu"]
[Result "1/2-1/2"]
[WhiteElo "2688"]
[BlackElo "2492"]
[TimeControl "180+1"]
[EndTime "10:56:24 PDT"]
[Termination "Game drawn by repetition"]

1. e4 c5 2. Nf3 d6 3. Bb5+ Bd7 4. Bxd7+ Nxd7 5. O-O Ngf6 6. Qe2 Rc8 7. c3 e6 8. Rd1 Be7 9. d4 cxd4 10. cxd4 d5 11. e5 Ne4 12. Be3 O-O 13. Ne1 f5 14. exf6 Bxf6 15. Nd3 Qb6 16. Ne5 Bxe5 17. dxe5 Qc7 18. f4 Qc2 19. Qg4 Rfe8 20. Nd2 Nxd2 21. Rxd2 Qe4 22. Qe2 b6 23. g3 Rc7 24. Re1 Rec8 25.
Qg4 Qg6 26. Qf3 Rc2 27. Red1 Rxd2 28. Rxd2 Rc1+ 29. Kg2 Rc2 30. g4 Rxd2+ 31. Bxd2 Qc2 32. Qc3 Qxc3 33. Bxc3 g6 34. Bd4 Kf7 35. b4 a6 36. Kg3 b5 37. Kh4 h6 38. Kg3 Nb8 39. Kf3 Nc6 40. Bc5 Nd8 41. h4 h5 42. g5 Nc6 43.
Ke3 Nb8 44. Kd3 Nd7 45. Bf2 Ke8 46. a3 Kf7 47. Kd4 Ke8 48. Be3 Kf7 49. Bd2 Ke8 50.
Be3 Kf7 51. Kc3 Ke8 52. Bd4 Kf7 53. Kd3 Ke7 54. Bf2 Kf7 55. Bd4 Ke7 56. Ke3 Kf7 57. Kd3 1/2-1/2

[Event "*** SCC Grand Prix: Titled Tuesday Blitz"]
[Site "Chess.com"]
[Date "2020.08.11"]
[Round "5"]
[White "Azoulas1"]
[Black "LaPorfia"]
[Result "1-0"]
[WhiteElo "2016"]
[BlackElo "2241"]
[TimeControl "180+1"]
[EndTime "10:56:24 PDT"]
[Termination "Azoulas1 won by checkmate"]

1. e4 d5 2. exd5 Nf6 3. d4 Bg4 4. f3 Bf5 5. Bb5+ Nbd7 6. Bc4 a6 7.
Ne2 Nb6 8. Bd3 Bxd3 9. Qxd3 Nbxd5 10. a3 e6 11. c4 Nb6 12. Nbc3 c5 13. Bg5 cxd4 14.
Nxd4 Bc5 15. O-O-O Bxd4 16. Qxd4 Qxd4 17. Rxd4 Ke7 18.
b3 Rad8 19. Rhd1 Rxd4 20. Rxd4 h6 21. Bxf6+ gxf6 22. Ne4 Nd7 23. Kb2 f5 24. Nd6 Rb8 25. b4 Ne5 26. c5 Kf6 27. Kc3 b6 28. f4 Nc6 29. Rd3 bxc5 30. bxc5 Ne7 31. Rh3 Nd5+ 32. Kc4 Nxf4 33. Rxh6+ Kg7 34. Rh4 Nd5 35. Nxf5+ Kf6 36. Nd4 Rb1 37. Rh6+ Ke7 38. Nc6+ Kf8 39. Rh8+ Kg7 40. Rb8 Rc1+ 41. Kd4 Rd1+ 42. Ke5 Ne3 43. Rb4 Rd5+ 44. Ke4 Nxg2 45. Rb2 f5+ 46. Kf3 Nh4+ 47. Kg3 Ng6 48. Rc2 f4+ 49. Kf3 e5 50. Nb4 Ne7 51. Nxd5 Nxd5 52. c6 Kf6 53. c7 Kf5 54. c8=Q+ Kf6 55.
Qc6+ Kg5 56. Qxd5 Kh4 57. Qxe5 Kh3 58. Qxf4 a5 59. Qg3# 1-0

[Event "*** SCC Grand Prix: Titled Tuesday Blitz"]
[Site "Chess.com"]
[Date "2020.08.11"]
[Round "5"]
[White "ExtremeLearner"]
[Black "aNaartjieZA"]
[Result "0-1"]
[WhiteElo "2342"]
[BlackElo "2509"]
[TimeControl "180+1"]
[EndTime "10:56:25 PDT"]
[Termination "aNaartjieZA won by resignation"]

1. d4 Nf6 2. Nf3 c5 3. d5 d6 4. Nc3 e5 5. e4 Nbd7 6. Bc4 Be7 7. O-O O-O 8. a4 Ne8 9. h3 g6 10. Bh6 Ng7 11. Qd2 f5 12. Ng5 Bxg5 13. Bxg5 Nf6 14. f4 exf4 15. Qxf4 a6 16. e5 dxe5 17. Qxe5 Kh8 18.
Rae1 Bd7 19. Ne4 Nxe4 20. Bxd8 Raxd8 21. Qf4 b5 22. axb5 axb5 23. Rxe4 bxc4 24. Re7 Be8 25. Qe5 Bf7 26. d6 Kg8 27. Re1 f4 28.
Qf6 Nh5 29. Qg5 Rxd6 30. Qh6 Rf6 31. Rc7 f3 32. gxf3 Rxf3 33. Ree7 Nf4 34. h4 Ne2+ 35. Kg2 Rf5 36. Kh3 Nf4+ 37. Kg4 Nd5 38. Qe3 Nxe3+ 39. Rxe3 Rf6 40. Ree7 Re6 41. Red7 Re5 42. Re7 Rxe7 43. Rxe7 Rb8 44. Rc7 Rxb2 45. Kg5 Rxc2 46. Kh6 Re2 47. Rc8+ Re8 48. Rxc5 Be6 49. h5 gxh5 50. Rg5+ Kh8 51. Rg7 Bf5 52. Rf7 Bg6 53. Rc7 Bd3 54. Rd7 Re6+ 0-1

[Event "*** SCC Grand Prix: Titled Tuesday Blitz"]
[Site "Chess.com"]
[Date "2020.08.11"]
[Round "5"]
[White "emperor87"]
[Black "TigrVShlyape"]
[Result "1/2-1/2"]
[WhiteElo "2625"]
[BlackElo "2853"]
[TimeControl "180+1"]
[EndTime "10:56:26 PDT"]
[Termination "Game drawn by repetition"]

1. e4 e5 2. Nf3 Nc6 3. Bc4 Bc5 4. d3 Nf6 5. c3 a6 6. a4 d6 7. h3 h6 8. Na3 O-O 9. O-O Re8 10. Re1 Bxa3 11.
Rxa3 Be6 12. a5 Bxc4 13. dxc4 Nd7 14. b4 Nf8 15. Ra2 Ne6 16. Be3 Qf6 17. Qd3 Ne7 18.
Nh2 h5 19. Nf1 Ng6 20. Ng3 Ngf4 21. Qf1 g6 22. Kh2 h4 23. Ne2 g5 24. g3 Nxe2 25. Raxe2 Kf8 26. g4 Kg7 27. Rd2 Qg6 28. Qd3 f6 29. f3 Qf7 30. Rb1 Nf4 31. Bxf4 exf4 32. Qd5 Qxd5 33. cxd5 Kf7 34. c4 Ke7 35. Kg2 b6 36.
Ra2 bxa5 37. Rxa5 Reb8 38. Kf2 Rb6 39. Ke2 Rab8 40. b5 axb5 41. cxb5 Kd7 42. Kd3 R6b7 43. Kc4 Rc8 44. Ra6 Rcb8 45. Rb3 Ke7 46. Rc6 Kd7 47. Rb4 Ra8 48. Ra6 Rab8 49. Ra5 Rb6 50. Kb3 R6b7 51. Ka4 Kc8 52. Rc4 Kd7 53. Rc6 Kd8 54. b6 Rxb6 55.
Rxb6 Rxb6 56. Rb5 Rxb5 57. Kxb5 Kd7 58. Kb4 c5+ 59. Ka5 Kc7 60. Kb5 Kb7 61. Ka5 Kc7 62. Kb5 Kd7 63. Ka5 Ke7 64. Kb5 Kd7 65. Ka5 1/2-1/2

[Event "*** SCC Grand Prix: Titled Tuesday Blitz"]
[Site "Chess.com"]
[Date "2020.08.11"]
[Round "5"]
[White "Vesper2018"]
[Black "Valeron87"]
[Result "1/2-1/2"]
[WhiteElo "2554"]
[BlackElo "2354"]
[TimeControl "180+1"]
[EndTime "10:56:26 PDT"]
[Termination "Game drawn - insufficient material"]

1. e4 c5 2. Nc3 a6 3. g3 b5 4. Bg2 Bb7 5. Nge2 e6 6. d4 cxd4 7. Nxd4 Nf6 8. O-O Nc6 9. Be3 Qc7 10. f4 Nxd4 11. Qxd4 Rc8 12. Kh1 Bc5 13. Qd2 Bxe3 14. Qxe3 h5 15. a3 h4 16. gxh4 Rxh4 17. Qg3 Rh7 18.
Rad1 Qc4 19. e5 Bxg2+ 20. Qxg2 Nh5 21. Qf3 Ke7 22. Kg2 Rch8 23. Rd3 Nxf4+ 24. Qxf4 Qxf4 25. Rxf4 Rxh2+ 26. Kf1 Rxc2 27. Rf2 Rxf2+ 28. Kxf2 Rh2+ 29. Kf3 Rxb2 30. Ne4 f6 31. exf6+ gxf6 32. Nc5 d5 33. Nxa6 Kd6 34. Nb4 Rh2 35. Kg3 Rb2 36. Rc3 d4 37. Rc8 Rb3+ 38. Kf4 Rxa3 39. Ke4 e5 40. Rc6+ Kd7 41.
Rxf6 Re3+ 42. Kd5 Ke7 43. Rh6 d3 44. Rh2 Kf6 45. Rd2 e4 46. Kd4 Re2 47. Rd1 Kf5 48. Nd5 Kg4 49. Rf1 b4 50. Nxb4 d2 51. Rd1 e3 52. Nc2 Kf3 53. Kd3 Kf2 54. Rb1 Re1 55.
Nxe1 dxe1=Q 56. Rxe1 Kxe1 57. Kxe3 1/2-1/2

[Event "*** SCC Grand Prix: Titled Tuesday Blitz"]
[Site "Chess.com"]
[Date "2020.08.11"]
[Round "5"]
[White "Yashasd1995"]
[Black "PavelChernomordik"]
[Result "1-0"]
[WhiteElo "2517"]
[BlackElo "2355"]
[TimeControl "180+1"]
[EndTime "10:56:28 PDT"]
[Termination "Yashasd1995 won by checkmate"]

1. b3 g6 2. Bb2 Nf6 3. Bxf6 exf6 4.
c4 d5 5. cxd5 Qxd5 6. Nc3 Qd6 7.
g3 Bg7 8. Bg2 f5 9. Nf3 O-O 10.
O-O c5 11. Rc1 Nd7 12. Qc2 a6 13. Rfd1 b6 14. d4 cxd4 15. Nxd4 Bxd4 16. Bxa8 Qe5 17.
e3 Bc5 18. Nd5 a5 19. Bc6 Qe6 20. Qb2 Ne5 21. a3 Nxc6 22. b4 axb4 23. axb4 Nxb4 24. Nxb4 Bb7 25. Qd2 Qe4 26. Nd5 Kg7 27. Qc3+ f6 28.
Qc4 Qf3 29. Qb3 Rd8 30. Rxc5 bxc5 31. Qxb7+ Kh6 32. Rd2 c4 33. Qb4 Rxd5 34. Qf8+ Kh5 35. Rxd5 Qxd5 36. Qg7 Qd1+ 37. Kg2 Qd5+ 38. f3 Qd2+ 39.
Kh3 Qxe3 40. Qxh7+ Qh6 41. Qf7 Kg5+ 42. Kg2 c3 43.
h4+ Kh5 44. Kh3 Qe3 45. Qh7+ Qh6 46. g4+ fxg4+ 47. fxg4# 1-0

[Event "*** SCC Grand Prix: Titled Tuesday Blitz"]
[Site "Chess.com"]
[Date "2020.08.11"]
[Round "5"]
[White "StellarChessPro"]
[Black "mapleaff"]
[Result "0-1"]
[WhiteElo "2530"]
[BlackElo "2346"]
[TimeControl "180+1"]
[EndTime "10:56:29 PDT"]
[Termination "mapleaff won by resignation"]

1. b3 b6 2. Bb2 Bb7 3. Nf3 h5 4. g3 h4 5. gxh4 Bxf3 6. exf3 Rxh4 7. Bg2 e6 8. f4 d5 9. Qf3 Nh6 10. c4 c6 11. O-O Nf5 12. Re1 Be7 13. Bh3 g6 14.
cxd5 cxd5 15. Bf1 Bf6 16. Nc3 Kf8 17. Rac1 Kg7 18. Rb1 Nd7 19. Nb5 Bxb2 20. Rxb2 Qf6 21. Rc2 a6 22. Nc7 Nd4 23. Qg3 Nxc2 24. Rc1 Rah8 25.
h3 Nd4 26. Nxa6 Rxf4 27. Rc7 Ne5 28. Rc3 Rf5 29. f4 Rxf4 30. Bd3 Ndf3+ 31. Kg2 Nh4+ 32.
Kg1 Nxd3 33. Rxd3 Rf1+ 34. Kh2 Rf2+ 35. Kg1 Rh5 36. Qxf2 Rg5+ 37. Kf1 Rf5 38. Qxf5 Qxf5+ 39. Ke2 Qe4+ 40. Re3 Qg2+ 41. Kd1 Nf5 42. Re1 Qf3+ 43.
Kc2 Qxh3 44. Nb4 Qg4 45. Nd3 Qd4 46. Ne5 Qc5+ 47. Kb1 Nd4 48. Rc1 Qb4 49. Rc7 Qxd2 50. Rxf7+ Kg8 51. Rf1 Qc2+ 52. Ka1 Qc3+ 53. Kb1 Nxb3 54.
axb3 Qxb3+ 55. Ka1 Qc3+ 56. Kb1 Qxe5 57. Re1 Qxe1+ 0-1

[Event "*** SCC Grand Prix: Titled Tuesday Blitz"]
[Site "Chess.com"]
[Date "2020.08.11"]
[Round "5"]
[White "Gerodot71"]
[Black "TudorAnton"]
[Result "1-0"]
[WhiteElo "2412"]
[BlackElo "2545"]
[TimeControl "180+1"]
[EndTime "10:56:31 PDT"]
[Termination "Gerodot71 won by resignation"]

1. d4 Nf6 2. c4 e6 3. Nf3 Bb4+ 4.
Bd2 c5 5. Bxb4 cxb4 6. a3 bxa3 7. Nxa3 O-O 8. e3 b6 9. Be2 Bb7 10. O-O d6 11. Qb1 Nbd7 12. b4 a6 13. Qb2 Qb8 14.
Rfc1 Rc8 15. Nb1 Ne4 16. Nbd2 Nxd2 17. Nxd2 Nf6 18. Bf1 e5 19. Ra3 Bc6 20. Rb3 Qb7 21. dxe5 dxe5 22. Qxe5 Rd8 23. Rb2 h6 24. b5 axb5 25.
cxb5 Bd5 26. Rbc2 Be6 27. Nf3 Rd5 28. Qb2 Rad8 29. Nd4 Qb8 30. Nxe6 fxe6 31. Bc4 R5d6 32. g3 Kh8 33. Bf1 R6d7 34. h3 Ne4 35. Bg2 Nc5 36.
Qa2 Qe5 37. Bc6 Rd1+ 38. Kg2 Rxc1 39. Rxc1 Rd6 40. Qc4 Nd3 41. Rf1 Nc5 42. Qf4 Qxf4 43. gxf4 Kg8 44. Ra1 Kf7 45. Ra7+ Kf6 46. Kf3 Rd2 47. e4 Rb2 48. e5+ Kg6 49. Kg3 Rb3+ 50. Kg2 h5 51. h4 Kh6 52. Ra8 Rb2 53. Rb8 Nd3 54. Rh8+ Kg6 55. Be4+ Kf7 56. Bxd3 Rb3 57. Bf1 Rb4 58. Kg3 Rb3+ 59. Kg2 Rb4 60. Rb8 Rxf4 61. Rxb6 Rg4+ 62. Kf3 Rxh4 63. Rb7+ Kf8 64. b6 Rb4 65. Rb8+ Kf7 66. b7 Kg6 67. Be2 Kg5 68. Ba6 g6 69. Ra8 Rb3+ 70. Kg2 Rb4 71. b8=Q Rg4+ 72. Kf1 1-0

[Event "*** SCC Grand Prix: Titled Tuesday Blitz"]
[Site "Chess.com"]
[Date "2020.08.11"]
[Round "5"]
[White "XiaoKangZhong"]
[Black "Rodalquilar"]
[Result "1/2-1/2"]
[WhiteElo "2427"]
[BlackElo "2606"]
[TimeControl "180+1"]
[EndTime "10:56:32 PDT"]
[Termination "Game drawn by repetition"]

1. e4 d5 2. exd5 Qxd5 3. Nc3 Qa5 4. d4 Nf6 5. Be3 Bf5 6. Bc4 e6 7. Ne2 c6 8. O-O Bd6 9. h3 O-O 10. Bd3 Nbd7 11. a3 Bxd3 12. Qxd3 Rad8 13. Ne4 Be7 14.
b4 Qh5 15. Nf4 Qf5 16. Ng3 Qxd3 17. Nxd3 Nb6 18. Rfc1 Nc4 19. Ne5 Nxe5 20. dxe5 Nd7 21. f4 Nb6 22. Bxb6 axb6 23. Rd1 Rfe8 24. Kf2 Kf8 25. Ne4 Rxd1 26. Rxd1 Rb8 27. c4 Ke8 28. Rd3 f5 29. exf6 gxf6 30. g4 f5 31. Ng3 Bh4 32. Kf3 Bxg3 33. Kxg3 Ke7 34. Kh4 Rf8 35. g5 e5 36. fxe5 Ke6 37. Kg3 f4+ 38. Kf3 Rf7 39.
h4 Kxe5 40. a4 Kf5 41. b5 cxb5 42. cxb5 Ke6 43. Rd4 Ke5 44. Re4+ Kd5 45. Rxf4 Rc7 46. Kg4 Ke5 47. Rf5+ Ke4 48. Rf4+ Ke5 49. h5 Rc1 50.
Rf5+ Ke4 51. Rf4+ Ke5 52. Rf3 Rg1+ 53. Rg3 Ra1 54. g6 hxg6 55. hxg6 Kf6 56. Kf3 Ra3+ 57. Kf2 Rxg3 58. Kxg3 Kxg6 59. Kg4 Kf6 60. Kf4 Ke6 61.
Ke4 Kd6 62. Kd4 Ke6 63. Ke4 Kd6 64. Kd4 Ke6 65. Ke4 1/2-1/2

[Event "*** SCC Grand Prix: Titled Tuesday Blitz"]
[Site "Chess.com"]
[Date "2020.08.11"]
[Round "5"]
[White "FabianoCaruana"]
[Black "Alexander_Donchenko"]
[Result "0-1"]
[WhiteElo "2982"]
[BlackElo "2672"]
[TimeControl "180+1"]
[EndTime "10:56:33 PDT"]
[Termination "Alexander_Donchenko won by resignation"]

1. e4 e6 2. d4 d5 3. Nc3 Bb4 4. e5 c5 5. a3 Bxc3+ 6. bxc3 Ne7 7. Nf3 Nbc6 8. Bd3 b6 9. O-O h6 10. a4 a5 11. Ba3 cxd4 12. Bb5 Bd7 13. Bxc6 Bxc6 14. Nxd4 Rc8 15. Re1 O-O 16. Re3 Re8 17. Rg3 Nf5 18. Nxf5 exf5 19. Bc1 Qh4 20. Qd4 Qxd4 21.
cxd4 Kh7 22. Rb3 Bd7 23. c3 Re6 24. h4 Rc4 25. Rba3 Re8 26. Bd2 Re6 27. f3 Kg8 28.
Kf2 Kf8 29. h5 Ke8 30. Kg3 Kd8 31.
Kf4 Kc7 32. R3a2 f6 33. exf6 Rxf6 34. Kg3 Kb7 35. Kf2 Re6 36. Ra3 Be8 37. Bf4 Bxh5 38. Be5 g5 39. Ke3 Be8 40. Kd2 h5 41. Kc2 h4 42. Kb3 Rec6 43. Kb2 Rh6 44. Bg7 Rg6 45. Be5 g4 46. Rh1 gxf3 47. gxf3 Rg2+ 48. Kb3 Rf2 49.
Rxh4 Rxf3 50. Kb2 Rxa4 51. Rh7+ Ka6 52. Re7 Rxa3 53. Kxa3 Rxc3+ 54. Kb2 Rc8 55. Re6 Bb5 56. Rf6 Bd3 57. Rd6 Be4 58. Rf6 Kb5 59. Bd6 Rc6 60. Rg6 Kc4 61. Rf6 b5 62. Rh6 b4 0-1

[Event "*** SCC Grand Prix: Titled Tuesday Blitz"]
[Site "Chess.com"]
[Date "2020.08.11"]
[Round "5"]
[White "Timerkhanov"]
[Black "Revnov"]
[Result "0-1"]
[WhiteElo "2586"]
[BlackElo "2759"]
[TimeControl "180+1"]
[EndTime "10:56:33 PDT"]
[Termination "Revnov won on time"]

1. d4 d5 2. Nf3 e6 3. Bf4 Bd6 4. Bg3 Nf6 5. Nbd2 Nbd7 6. e3 b6 7. Bd3 Bb7 8. Ne5 Qe7 9. f4 Ne4 10. Nxe4 dxe4 11. Bb5 Bxe5 12. Bxd7+ Qxd7 13. fxe5 h5 14. h4 f5 15. O-O Kf7 16. Bf4 Ba6 17. Rf2 Rac8 18. Rd2 Kg6 19. Bg5 Qd5 20. b3 Bb7 21. c4 Qd7 22. Qe1 c6 23. Rad1 Qf7 24. a4 Kh7 25. a5 Qc7 26. Ra2 Ra8 27. a6 Bc8 28. b4 Qf7 29. Bf4 Bd7 30. Rad2 b5 31. cxb5 Rab8 32.
bxc6 Bxc6 33. Rc2 Ba4 34. Rdc1 Bxc2 35. Rxc2 Rhc8 36. Rc5 Qd7 37. Kh2 Rb6 38. Bg5 Rxa6 39. Qe2 Rb6 40. Qxh5+ Kg8 41. Qg6 Rxc5 42. bxc5 Rc6 43.
Bf6 Qf7 44. Qg3 Kh7 45. Bg5 a5 46. Qe1 Qa7 47. h5 a4 48. Bd8 a3 49. Bb6 Qa8 50. Qg3 Qe8 51. Qf2 Qxh5+ 52. Kg1 Qd1+ 53. Kh2 Qh5+ 54.
Kg1 Rc8 55. Qa2 Qd1+ 56. Kh2 Qh5+ 57. Kg3 Ra8 58. c6 Qg5+ 59. Kf2 f4 60. c7 Qg3+ 61.
Kf1 fxe3 62. c8=Q Rxc8 0-1

[Event "*** SCC Grand Prix: Titled Tuesday Blitz"]
[Site "Chess.com"]
[Date "2020.08.11"]
[Round "5"]
[White "Anton_Demchenko"]
[Black "Onischuk_V"]
[Result "1/2-1/2"]
[WhiteElo "2833"]
[BlackElo "2918"]
[TimeControl "180+1"]
[EndTime "10:56:34 PDT"]
[Termination "Game drawn by repetition"]

1. d4 d6 2. Nf3 g6 3. c3 Bg7 4. e4 Nf6 5. Bd3 O-O 6. O-O Nc6 7.
Be3 e5 8. Nbd2 Ng4 9. Bg5 f6 10. Bh4 Nh6 11. Re1 Nf7 12. a4 h5 13. Bg3 Bh6 14. b4 Kg7 15. a5 a6 16. Rb1 Qe7 17.
Nc4 Bg4 18. Be2 Bd7 19. Bf1 Ng5 20. Nxg5 Bxg5 21. h3 Nd8 22. Ne3 Bc6 23. Qc2 Nf7 24. Nd5 Bxd5 25. exd5 h4 26. Bh2 f5 27. dxe5 dxe5 28. f4 Bf6 29. fxe5 Nxe5 30. c4 Rae8 31. Kh1 Qd7 32. Rbd1 Nf7 33. Rxe8 Rxe8 34. c5 c6 35. dxc6 Qxc6 36. Bc4 Ng5 37. Bd5 Qb5 38. c6 Rc8 39. Bd6 bxc6 40. Bc4 Qb7 41. Bc5 Ne4 42.
Bd6 Nxd6 43. Rxd6 Qe7 44. Re6 Qd7 45. Re1 Re8 46. Rxe8 Qxe8 47. Qb1 Qe4 48. Qxe4 fxe4 49. Bxa6 Bc3 50. Kg1 Bxb4 51. Bb7 Bxa5 52. Bxc6 Bb6+ 53. Kf1 e3 54. Ke2 g5 55. Bf3 Kf6 56. Bg4 Bc7 57. Bf3 Bd6 58. Bb7 Bc7 59. Bc6 Bd6 60. Bb7 Bc7 61. Bc6 Bd6 62. Bb7 1/2-1/2

[Event "*** SCC Grand Prix: Titled Tuesday Blitz"]
[Site "Chess.com"]
[Date "2020.08.11"]
[Round "5"]
[White "Susal_De_Silva"]
[Black "MPGM"]
[Result "0-1"]
[WhiteElo "2321"]
[BlackElo "2471"]
[TimeControl "180+1"]
[EndTime "10:56:35 PDT"]
[Termination "MPGM won by resignation"]

1. e4 c6 2. d4 d5 3. Nc3 dxe4 4. Nxe4 Nf6 5. Nxf6+ exf6 6. c3 Bd6 7. Bd3 O-O 8. Ne2 Re8 9. Qc2 h5 10. Be3 Nd7 11.
O-O-O Nf8 12. h3 Be6 13. b3 a5 14. g4 a4 15. b4 h4 16. Rhg1 Qd7 17. g5 f5 18. Bf4 Ng6 19. Bxd6 Qxd6 20. Rde1 Qd5 21.
Kb1 Qf3 22. Nc1 Qxh3 23. Re3 Qh2 24. Rge1 Bd7 25. Bxf5 Rxe3 26. Rxe3 Bxf5 27. Qxf5 a3 28. Nd3 Qh1+ 29. Re1 Qd5 30. Qxd5 cxd5 31. f4 Rc8 32. Kc2 Kf8 33. Rh1 Re8 34. f5 Ne7 35. Rxh4 Nxf5 36.
Rf4 g6 37. Ne5 Kg7 38. Kb3 Rc8 39. Rf3 Ra8 40. Rf1 b5 41. Re1 Rh8 42. Ng4 Rh5 43.
Re8 Rxg5 44. Ne5 Rg3 45. Rb8 Nxd4+ 46. Kxa3 Rxc3+ 47. Kb2 Rc2+ 48. Kb1 Re2 49. Nd3 Nc2 50. Kc1 Na3 51. Kd1 Rxa2 52. Rb7 Nc4 53. Rxb5 Rd2+ 54.
Kc1 Rxd3 55. Rc5 Rb3 56. b5 Na3 57. Rxd5 Rxb5 58. Rd3 Rc5+ 59. Kd2 Nc4+ 60. Ke2 Ne5 61. Rd7 0-1

[Event "*** SCC Grand Prix: Titled Tuesday Blitz"]
[Site "Chess.com"]
[Date "2020.08.11"]
[Round "5"]
[White "wonderfultime"]
[Black "TranJMinh"]
[Result "0-1"]
[WhiteElo "2969"]
[BlackElo "2853"]
[TimeControl "180+1"]
[EndTime "10:56:36 PDT"]
[Termination "TranJMinh won by resignation"]

1. d4 Nf6 2. Nf3 b6 3. c4 e6 4. a3 Ba6 5. Qb3 c5 6. d5 exd5 7. cxd5 g6 8. Bg5 Bg7 9. Qe3+ Qe7 10. Qxe7+ Kxe7 11. Nc3 d6 12. h3 Nd7 13. a4 h6 14.
Bf4 Nh5 15. Bh2 f5 16. e3 Bxf1 17. Rxf1 Bxc3+ 18. bxc3 Nhf6 19. c4 g5 20. Ke2 Rhg8 21. Rfb1 Ne4 22. Rb3 g4 23. hxg4 fxg4 24. Nd2 g3 25.
Nxe4 gxh2 26. Ng3 Ne5 27. Rh1 Raf8 28. e4 Kd7 29. Rc3 Rf4 30. Re3 Nxc4 31. Rf3 Rxf3 32. gxf3 Rh8 33. Rxh2 a6 34. Nh5 b5 35. axb5 axb5 36. f4 b4 37. Kd3 Nb2+ 38. Kc2 Nc4 39. Rg2 Kc7 40. Rg7+ Kb6 41. Nf6 Ra8 42. e5 dxe5 43.
Nd7+ Kb5 44. fxe5 Ra2+ 45. Kd3 Rd2+ 46. Ke4 Rd4+ 47. Kf5 Rxd5 48. Ke6 Rd2 49. f4 b3 50. Rg3 Kb4 51. Nxc5 b2 52. Rb3+ Kxc5 53. f5 Rd1 54. f6 b1=Q 55. Rxb1 Rxb1 56. f7 Rf1 57. Ke7 Nxe5 58.
f8=Q Ng6+ 0-1

[Event "*** SCC Grand Prix: Titled Tuesday Blitz"]
[Site "Chess.com"]
[Date "2020.08.11"]
[Round "5"]
[White "GM_dmitrij"]
[Black "Sanan_Sjugirov"]
[Result "0-1"]
[WhiteElo "2926"]
[BlackElo "2851"]
[TimeControl "180+1"]
[EndTime "10:56:36 PDT"]
[Termination "Sanan_Sjugirov won by resignation"]

1. e4 c5 2. Nf3 d6 3. Bb5+ Bd7 4. Bxd7+ Qxd7 5. c4 Nf6 6. Nc3 g6 7. d4 cxd4 8. Nxd4 Bg7 9. f3 O-O 10. Be3 Nc6 11. O-O e6 12. Qd3 Ne5 13. Qe2 a6 14. Rac1 Rfe8 15. Rfd1 Qe7 16. b3 Rac8 17.
Kh1 Qc7 18. Bg5 h6 19. Bh4 g5 20. Bf2 Nh5 21. Be3 Ng6 22. Qd2 Red8 23. Nde2 Be5 24. Bd4 Qe7 25. Qe3 Qf6 26. Bxe5 dxe5 27. g3 Qe7 28. Qb6 Nf6 29. h3 Kg7 30. Kg2 h5 31.
g4 h4 32. Kf2 Rb8 33. Qe3 Nd7 34. Rd2 Rbc8 35. Rcd1 Nb8 36. Qb6 Nc6 37. Rxd8 Rxd8 38.
Rxd8 Nxd8 39. Na4 Nc6 40. Qe3 Kf6 41. Qc5 Qd8 42. Qe3 Nf4 43. Nxf4 gxf4 44. Qc3 Qd1 45. Qe1 Qc2+ 46. Qe2 Qc1 47. Qe1 Qc2+ 48. Qe2 Qb1 49. Nc3 Qc1 50. Nd1 Nd4 51. Qe1 Qc2+ 52. Kf1 Qh2 53.
Qf2 Qh1+ 54. Qg1 Qxf3+ 55. Nf2 Qe2+ 56. Kg2 Qf3+ 57. Kh2 Qe3 58. g5+ Kg7 59. Qg2 Nf3+ 60. Kh1 Qe1+ 0-1

[Event "*** SCC Grand Prix: Titled Tuesday Blitz"]
[Site "Chess.com"]
[Date "2020.08.11"]
[Round "5"]
[White "tylityli"]
[Black "Enriquack"]
[Result "0-1"]
[WhiteElo "2160"]
[BlackElo "2339"]
[TimeControl "180+1"]
[EndTime "10:56:36 PDT"]
[Termination "Enriquack won on time"]

1. d4 Nf6 2. c4 g6 3. Nc3 d5 4.
cxd5 Nxd5 5. Bd2 Nb6 6. Nf3 Bg7 7. Bf4 O-O 8. e3 Nc6 9. Bb5 Bg4 10. O-O e5 11. Bxc6 exf4 12. Bxb7 Rb8 13. Ba6 Qd6 14.
Bd3 fxe3 15. fxe3 Nd5 16. Nxd5 Qxd5 17. Qc2 Rfe8 18. h3 Be6 19. b3 c5 20. Bc4 Qd6 21.
Bxe6 Rxe6 22. Ng5 Rxe3 23. Nxf7 Qxd4 24. Rad1 Qh4 25. Qc4 Qxc4 26. bxc4 Bd4 27. Kh1 Rb2 28. Nh6+ Kg7 29. Ng4 Ree2 30. Rde1 h5 31. Rxe2 Rxe2 32. Nh2 Rxa2 33. Nf3 Rc2 34. Nxd4 cxd4 35. Re1 Rxc4 36. Re7+ Kf6 37. Rxa7 Rc5 38. Rd7 Ke5 39. Re7+ Kf4 40. Rd7 Ke3 41. Rd6 d3 42. Rxg6 Rd5 43. Re6+ Kf2 44.
Rf6+ Ke1 45. Re6+ Kd1 46. g4 Kc2 47. Kg2 d2 48. Re2 Kc1 49. Rxd2 Kxd2 50. gxh5 Rxh5 51. Kg3 Ke3 52. Kg4 Rh8 53. h4 Ke4 54. h5 Ke5 55.
Kg5 Ke6 56. Kg6 Rg8+ 57. Kh7 Kf7 58. h6 Rg1 59. Kh8 Ra1 60. Kh7 Kf6 61. Kg8 Ra8+ 62.
Kh7 Kg5 63. Kg7 Ra7+ 0-1

[Event "*** SCC Grand Prix: Titled Tuesday Blitz"]
[Site "Chess.com"]
[Date "2020.08.11"]
[Round "5"]
[White "Guenplen"]
[Black "nrvisakh"]
[Result "1/2-1/2"]
[WhiteElo "2891"]
[BlackElo "2771"]
[TimeControl "180+1"]
[EndTime "10:56:37 PDT"]
[Termination "Game drawn - insufficient material"]

1. d4 Nf6 2. Bf4 d5 3. e3 e6 4. Nd2 c5 5. c3 Nc6 6. Ngf3 Bd6 7. Bg3 O-O 8. Bb5 Qe7 9. Bxc6 bxc6 10. Qa4 Bd7 11. Qa3 Rfb8 12. Nb3 Ne4 13. Bxd6 Qxd6 14. Nxc5 Nxc5 15. dxc5 Qe7 16. O-O e5 17. Rfe1 f5 18. c4 dxc4 19. Qc3 Qxc5 20. Nxe5 Be6 21. Rad1 Rd8 22.
Nf3 Rd5 23. Rd4 Rad8 24. Red1 Rxd4 25. Rxd4 Rxd4 26. Nxd4 Bf7 27. a3 a5 28. h3 Qd5 29.
Qc2 Bg6 30. Qd2 f4 31. exf4 Bd3 32. Qe3 h6 33. Qe6+ Qxe6 34. Nxe6 Kf7 35. Nd4 c5 36.
Nb5 Ke6 37. f3 Kd5 38. Kf2 c3 39. Nxc3+ Kc4 40. Ke3 Bh7 41. Kd2 Kb3 42. Kc1 Kc4 43. Kd2 Kb3 44. Kc1 Kc4 45. Ne4 Kd4 46. Kd2 Bxe4 47. fxe4 Kxe4 48. g3 Kf3 49. Kc3 Kxg3 50. Kc4 Kxh3 51. Kxc5 Kg4 52. b4 axb4 53. axb4 h5 54. b5 h4 55. b6 h3 56. b7 h2 57.
b8=Q h1=Q 58. Qe5 Qc1+ 59. Kd5 Qxf4 60. Qxg7+ Qg5+ 61. Qxg5+ Kxg5 1/2-1/2

[Event "*** SCC Grand Prix: Titled Tuesday Blitz"]
[Site "Chess.com"]
[Date "2020.08.11"]
[Round "5"]
[White "Msb2"]
[Black "OparinGrigoriy"]
[Result "1/2-1/2"]
[WhiteElo "2801"]
[BlackElo "2937"]
[TimeControl "180+1"]
[EndTime "10:56:37 PDT"]
[Termination "Game drawn by repetition"]

1. d4 d5 2. c4 e6 3. Nc3 Be7 4. Nf3 Nf6 5. h3 b6 6. cxd5 Nxd5 7. e4 Nxc3 8. bxc3 Bb7 9. Bd3 c5 10. O-O O-O 11. Qe2 Qc7 12. Bb2 Nd7 13. Rad1 Rfe8 14.
Rfe1 Rac8 15. Qe3 Nf6 16. Ne5 Bd6 17. f4 Red8 18. Rf1 Qe7 19. Kh2 cxd4 20. cxd4 Ba3 21.
Ba1 Bb4 22. f5 Bc3 23. fxe6 Qxe6 24. Rxf6 Qxf6 25. Rf1 Bxa1 26. Rxf6 Bxd4 27. Qg3 Bxe5 28. Qxe5 gxf6 29. Qg3+ Kf8 30. Qe3 Rc5 31. Be2 Kg7 32.
h4 h5 33. Qg3+ Kf8 34. Qf4 Ke7 35. Bf3 Re5 36. Qe3 Rd6 37. Qa3 a5 38. Qc3 Bc6 39. Qb2 b5 40. a3 Bd7 41. Qc3 Bc6 42. Qxa5 Bxe4 43. Bxe4 Rxe4 44. Qc7+ Ke6 45. Qc8+ Ke5 46. Qe8+ Kd4 47. Qxb5 Rxh4+ 48. Kg1 Re4 49. Qxh5 Re5 50. Qf3 Rde6 51. Qf4+ Kc5 52. Qb4+ Kc6 53. a4 Rc5 54. a5 Ree5 55. a6 Ra5 56. Qb7+ Kd6 57. a7 Ra1+ 58. Kh2 Rea5 59. Qb8+ Ke6 60. Qe8+ Kf5 61. Qc8+ Kg5 62. Qg8+ Kf5 63. Qc8+ Kg6 64. Qg8+ Kh6 65. Qh8+ Kg5 66. Qg8+ Kf5 67. Qc8+ 1/2-1/2

[Event "*** SCC Grand Prix: Titled Tuesday Blitz"]
[Site "Chess.com"]
[Date "2020.08.11"]
[Round "5"]
[White "elcandado"]
[Black "TokChess"]
[Result "1/2-1/2"]
[WhiteElo "2542"]
[BlackElo "2393"]
[TimeControl "180+1"]
[EndTime "10:56:37 PDT"]
[Termination "Game drawn by repetition"]

1. d4 Nf6 2. Bf4 d6 3. e3 g6 4.
Be2 Bg7 5. Nf3 O-O 6. O-O c5 7. c3 Nc6 8. Nbd2 Be6 9. Ng5 Bd7 10. Qb3 Qb6 11. Nc4 Qxb3 12. axb3 Nd5 13. Bg3 h6 14. Nf3 Nb6 15. dxc5 dxc5 16. Nxb6 axb6 17. Bc7 Na5 18. Nd2 Be6 19. Bxb6 Nxb3 20. Nxb3 Bxb3 21. Bxc5 Bf6 22.
Bf3 Rab8 23. Ba7 Rbd8 24. Bd4 e5 25. Bc5 Rfe8 26. Bxb7 Rd2 27. Ba3 Red8 28. Rac1 Bc4 29. Rfe1 h5 30. h3 Bh4 31. g3 Bg5 32. h4 Bh6 33. Bf3 Bb3 34. c4 f5 35. Bd5+ Kg7 36.
Rc3 Bc2 37. b4 f4 38. exf4 exf4 39. b5 fxg3 40. Rxg3 R8xd5 41. cxd5 Rxd5 42. Re7+ Kf6 43. Rge3 Bxe3 44. Rxe3 Rd1+ 45. Kg2 Rb1 46. Re2 Bd3 47. Rb2 Rxb2 48. Bxb2+ Ke6 49. b6 Kd7 50. Kg3 Kc6 51. Bd4 Kb7 52. Kf4 Bf5 53. Kg5 Bb1 54. Be3 Bf5 55. Kf6 Bc2 56. Kg5 Bf5 57. Kf6 Bc2 58. Kg5 Bf5 1/2-1/2